 Dungeon Crawl Stone Soup version 0.31-a0-1620-gcbf77bb (webtiles) character file.

Game seed: 1360899080122457602

158 Dorkslayer the Ducker (level 5, 0/41 HPs)
             Began as an Octopode Fighter on Jan 10, 2024.
             Slain by an orc wizard
             ... wielding a +0 dagger
              (3 damage)
             ... on level 3 of the Dungeon.
             The game lasted 00:02:51 (1697 turns).

Dorkslayer the Ducker (Octopode Fighter)            Turns: 1697, Time: 00:02:52

Health: 0/41       AC:  1    Str: 16    XL:     5   Next: 39%
Magic:  5/5        EV: 15    Int: 10    God:
Gold:   80         SH:  5    Dex: 13    Spells: 4/4 levels left

rFire   . . .        a - +0 long sword
rCold   . . .        b - +0 buckler
rNeg    . . .        (helmet restricted)
rPois   .            (no amulet)
rElec   .            (no ring)
rCorr   .            (no ring)
SInv    .            (no ring)
Will    .....        (no ring)
Stlth   ++++         (no ring)
HPRegen 0.26/turn    (no ring)
MPRegen 0.09/turn    (no ring)
                     (no ring)

%: no passive effects
@: mighty
A: almost no armour, amphibious, 8 rings, camouflage 1, gelatinous body 1,
(nimble swimmer 1), tentacles
a: no special abilities


You were on level 3 of the Dungeon.
You visited 1 branch of the dungeon, and saw 4 of its levels.

You collected 80 gold pieces.

Inventory:

Hand Weapons
 a - a +0 long sword (weapon)
Armour
 b - a +0 buckler (worn)
 n - a +0 leather armour
Scrolls
 g - a scroll of poison {unknown}
 h - a scroll of revelation {unknown}
 k - a scroll of vulnerability {unknown}
 m - 2 scrolls of identify {unknown}
 p - a scroll of enchant armour {unknown}
Potions
 e - a potion of lignification {unknown}
 i - a potion of berserk rage {unknown}
 l - a potion of curing {unknown}
 o - a potion of mutation {unknown}


   Skills:
 + Level 5.7 Fighting
 + Level 5.5 Long Blades
 * Level 7.6 Dodging
 + Level 6.7 Stealth
 + Level 5.5 Shields


You had 4 spell levels left.
You didn't know any spells.
Your spell library contained the following spells:

 Spells                   Type           Power      Damage    Failure   Level
 Shock                    Conj/Air       0%         1d3       43%         1
 Swiftness                Air            0%         N/A       82%         3
 Airstrike                Air            0%         2d(0-16)  99%         4


Dungeon Overview and Level Annotations

Branches:
Dungeon (4/15)
 Temple: D:4-7

Altars:


Innate Abilities, Weirdness & Mutations

You cannot wear most types of armour.
You are amphibious.
You can wear up to eight rings at the same time.
Your skin changes colour to match your surroundings (Stealth+).
Your rubbery body absorbs attacks. (AC +1, EV +1)
((You are camouflaged when in or above water. (Stealth+)))
You have tentacles for arms and can constrict up to eight enemies at once.


Message History

Your Stealth skill gained 4 levels and is now at level 6!
Your Shields skill gained 2 levels and is now at level 5!
You have reached level 5!
You feel stronger. Something hits you.
* * * LOW HITPOINT WARNING * * *
It was a potion of heal wounds.
You feel much better. Something hits you.
Okay, then.
You slash something! Something hits you.
You completely miss something. Something barely misses you.
You miss something.
You hear some strange, mumbled words.
A magic dart appears from out of thin air!
The magic dart hits you!
* * * LOW HITPOINT WARNING * * *
Something hits you.
* * * LOW HITPOINT WARNING * * *
Throw: 3 darts (disperse)
Press: ? - help, Q - select action Shift-Dir - straight line, f - orc
Aim: an orc, wielding a +0 club (56% to hit)
You throw a dart of dispersal.
The dart of dispersal closely misses the orc.
Something closely misses you.
Throw: 2 darts (disperse)
Press: ? - help, Q - select action Shift-Dir - straight line, f/p - orc
Aim: an orc, wielding a +0 club (56% to hit)
You throw a dart of dispersal. The dart of dispersal hits the orc.
The orc blinks!
You block something's attack.
Throw: dart (disperse)
Press: ? - help, Q - select action Shift-Dir - straight line, f/p - orc
Aim: an orc, wielding a +0 club (56% to hit)
You throw a dart of dispersal. The dart of dispersal hits the orc.
The orc blinks!
Something barely misses you. The orc hits you with a +0 flail!
* * * LOW HITPOINT WARNING * * *
You slash the orc!
You kill the orc!
Something hits you.
You die...

#######...#
#....## #....#
#....# ♣♣♣♣....###
..........#
♣♣♣♣##....#
..##....#
......)@#######
#..♣.♣##{#....# .
#......#r.#..#...#
#..♣.♣..B.........
.....##...........
.. ♣ ♣............
.....###....###
♣.♣.. ♣.♣♣.. #.#..
.♣ ♣.


You could see a quokka and a giant cockroach.

Vanquished Creatures
  An orc wizard (D:3)
  3 adders (D:2)
  2 dart slugs (D:2)
  2 orcs (D:3)
  2 endoplasms
  3 giant cockroaches
  2 hobgoblins
  2 ball pythons
  2 bats
  3 frilled lizards
  3 goblins
  A kobold (D:2)
  2 rats (D:2)
28 creatures vanquished.

Notes
Turn   | Place    | Note
-------+----------+-------------------------------------------
     0 | D:1      | Dorkslayer the Octopode Fighter began the quest for the
                  | Orb.
     0 | D:1      | Reached XP level 1. HP: 16/16 MP: 1/1
   985 | D:2      | Reached XP level 2. HP: 21/21 MP: 2/2
  1125 | D:2      | Found a faded altar of an unknown god.
  1255 | D:2      | Reached XP level 3. HP: 12/26 MP: 3/3
  1326 | D:2      | Reached skill level 1 in Stealth
  1651 | D:2      | You fall into a shaft and drop 2 floors!
  1687 | D:3      | Reached XP level 4. HP: 15/31 MP: 4/4
  1689 | D:3      | Reached skill level 5 in Fighting
  1689 | D:3      | Reached skill level 5 in Long Blades
  1689 | D:3      | Reached skill level 7 in Dodging
  1689 | D:3      | Reached skill level 5 in Shields
  1689 | D:3      | Reached XP level 5. HP: 4/41 MP: 5/5
  1689 | D:3      | HP: 2/41 [something (2)]
  1697 | D:3      | Slain by an orc wizard

Illustrated notes

Levels and vault maps discovered:
D:1:      nagdon_arrival_zigzag_paths, layout_basic
D:2:      layout_loops_ring, dreamdust_ecumenical_altar_hidden_monk_grotto
D:3:      wad_river_or_something, layout_basic, dancing_weapons_uskayaw,
          serial_forest, infiniplex_forest_clump_double,
          infiniplex_forest_lined_4_way, infiniplex_forest_lined_2,
          infiniplex_forest_straight_2, infiniplex_forest_fountain,
          infiniplex_forest_corner_2, infiniplex_forest_zigzag_1, uniq_terence
D:4:      layout_layer_cave, nicolae_overflow_two_pavilions,
          minmay_misc_feat_room

Skill      XL: |  1  2  3  4 |
---------------+-------------+-----
Stealth        | 2 6 |  6.7
Long Blades    | 3 5 |  5.5
Fighting       | 5 |  5.7
Dodging        | 7 |  7.6
Shields        | 5 |  5.5

Action                     |  1- 3 |  4- 6 || total
---------------------------+-------+-------++-------
  Melee: Long sword        |    59 |     5 ||    64
         Tentacles         |    11 |       ||    11
         Constrict         |    12 |       ||    12
         Punch             |     1 |       ||     1
  Throw: Dart              |       |     3 ||     3
    Use: Potion            |     1 |     2 ||     3
   Stab: Sleeping          |     5 |       ||     5
 Armour: Skin              |    23 |     9 ||    32
  Dodge: Dodged            |    31 |     3 ||    34
  Block: Buckler           |    10 |     1 ||    11

Table legend: (Time is in decaauts)
 A = Elapsed time spent in this place.
 B = Non-inter-level travel time spent in this place.
 C = Inter-level travel time spent in this place.
 D = Time resting spent in this place.
 E = Time spent auto-exploring this place.
 F = Levels seen in this place.
 G = Mean time per level.
                   A        B        C        D        E       F      G
               +--------+--------+--------+--------+--------+-----+--------+
         Total |   1715 |   1715 |      0 |      0 |   1313 |   4 |  428.8 |
       Dungeon |   1715 |   1715 |      0 |      0 |   1313 |   4 |  428.8 |
               +--------+--------+--------+--------+--------+-----+--------+

Top non-repeatable levels by time:
     D:1: 896 daAuts
     D:2: 769 daAuts
     D:3: 45 daAuts
     D:4: 3 daAuts
